AoeStats
← Por mi novia

Black Forest

505317655Analyzed
4v4 RM · 23d ago on Sep 8, 2026· 46m 22s· 8 players
Game mode
Random Map
Map size
Large (8 player)
Population
200
Speed
Normal
Resources
Standard
Victory
Conquest
Starting age
Dark Age
Ending age
Imperial Age
RankedLock teamsTeams togetherTeam positionsShared explorationLock speedFull tech treeHidden civsTurbo modeCheats
Victory
Defeat
🇷🇺 Vietnamese · Russia
1237
+13
🇨🇴 Spanish · Colombia
1235
+13
🇨🇴 Maya · Colombia
1198
+15
🇧🇴 Bohemians · Bolivia
1123
+19
🇨🇳 Britons · China
1190
-16
🇬🇷 Persians · Greece
1175
-15
🇬🇷 Teutons · Greece
1169
-15
🇬🇷 Italians · Greece
1159
-14
MurderousSlack
3:26 Loom
11:45 Feudal Age
16:12 Castle Age
14:33 Double-Bit Axe
18:23 Fishing Lines
22:21 Gillnets
24:36 Wheelbarrow
23:56 Horse Collar
26:16 Bow Saw
26:04 Gold Mining
26:07 Stone Mining
28:56 Fortified Wall
31:32 Imperial Age
29:33 Scale Mail Armor
29:45 Forging
32:15 Hand Cart
31:45 Town Watch
32:38 Conscription
33:22 Iron Casting
32:52 Heavy Plow
33:54 Two-Man Saw
33:33 Stone Shaft Mining
32:37 Elite Teutonic Knight
34:41 Chemistry
33:53 Masonry
33:49 Caravan
34:39 Chain Mail Armor
35:24 Blast Furnace
34:04 Capped Ram
37:43 Ironclad
38:10 Plate Mail Armor
nisiopi13
1:28 Loom
11:35 Feudal Age
15:35 Castle Age
14:45 Double-Bit Axe
20:15 Horse Collar
30:26 Wheelbarrow
30:32 Heavy Plow
34:34 Imperial Age
32:16 Gold Mining
33:55 Ballistics
34:11 Hand Cart
34:31 Fortified Wall
34:02 Treadmill Crane
34:35 Thumb Ring
36:22 Chemistry
36:19 Padded Archer Armor
36:09 Fletching
36:58 Elite Genoese Crossbowman
38:40 Leather Archer Armor
38:21 Bodkin Arrow
40:43 Ring Archer Armor
40:13 Bracer
40:40 Conscription
stelios19857
1:16 Loom
15:07 Feudal Age
19:04 Castle Age
17:15 Horse Collar
17:49 Double-Bit Axe
19:44 Wheelbarrow
20:21 Bow Saw
24:46 Heavy Plow
25:52 Stone Mining
25:54 Gold Mining
27:23 Stone Shaft Mining
27:47 Scale Barding Armor
29:20 Hand Cart
32:54 Imperial Age
31:27 Forging
33:03 Iron Casting
32:56 Bloodlines
33:51 Chain Barding Armor
35:09 Blast Furnace
34:30 Husbandry
33:52 Light Cavalry
36:05 Plate Barding Armor
34:54 Cavalier
35:39 Elite War Elephant
37:55 Savar
42:56 Conscription
鱼雷特大号
11:09 Feudal Age
12:46 Double-Bit Axe
12:46 Horse Collar
15:17 Castle Age
19:28 Bow Saw
20:23 Fletching
21:29 Gold Mining
21:54 Loom
23:23 Stone Mining
25:08 Gold Shaft Mining
24:15 Crossbowman
25:19 Bodkin Arrow
26:15 Ballistics
30:58 Imperial Age
29:10 Wheelbarrow
31:02 Arbalester
32:19 Hand Cart
32:08 Bracer
32:09 Padded Archer Armor
34:46 Yeomen
34:47 Conscription
35:30 Warwolf
38:43 Leather Archer Armor
39:33 Chemistry
manufrostmure
12:18 Feudal Age
14:18 Loom
17:01 Castle Age
15:32 Double-Bit Axe
16:04 Horse Collar
16:45 Stone Mining
17:56 Wheelbarrow
18:43 Heavy Plow
19:16 Bow Saw
20:05 Stone Shaft Mining
26:04 Gold Mining
27:55 Hand Cart
28:37 Town Watch
29:07 Fletching
29:23 Scale Barding Armor
29:29 Forging
33:01 Imperial Age
30:51 Town Patrol
31:48 Bloodlines
31:39 Husbandry
31:37 Bodkin Arrow
32:03 Chain Barding Armor
33:56 Iron Casting
33:09 Cavalier
34:20 Conscription
34:38 Bracer
35:14 Plate Barding Armor
35:40 Blast Furnace
34:59 Paladin
42:05 Light Cavalry
44:29 Padded Archer Armor
44:30 Scale Mail Armor
46:03 Hussar
Por mi novia
0:28 Loom
12:43 Feudal Age
17:35 Castle Age
16:50 Double-Bit Axe
18:34 Bow Saw
26:06 Horse Collar
26:57 Heavy Plow
27:36 Wheelbarrow
30:08 Gold Mining
30:11 Stone Mining
30:44 Fortified Wall
30:55 Ballistics
31:47 Hand Cart
36:40 Imperial Age
34:07 Fletching
34:17 Padded Archer Armor
34:22 Murder Holes
34:13 Treadmill Crane
34:44 Masonry
35:44 Stone Shaft Mining
35:28 Caravan
35:39 Town Watch
35:24 Crossbowman
36:11 Thumb Ring
36:07 Bodkin Arrow
36:27 Leather Archer Armor
36:26 Town Patrol
36:49 Arbalester
37:49 Bracer
38:19 Ring Archer Armor
38:52 Chemistry
40:57 Elite Skirmisher
43:07 Imperial Skirmisher
Zx0mB0Y
11:25 Feudal Age
12:08 Double-Bit Axe
15:14 Castle Age
16:34 Bow Saw
17:37 Fishing Lines
23:18 Fervor
23:19 Gillnets
24:59 Wheelbarrow
24:11 Loom
29:58 Imperial Age
29:33 Chemistry
29:36 Clinker Construction
31:29 Hand Cart
32:15 Two-Man Saw
31:12 Fletching
31:52 Heavy Scorpion
31:58 Houfnice
33:22 Forging
33:14 Scale Mail Armor
32:37 Pikeman
33:36 Siege Engineers
33:32 Halberdier
34:12 Squires
34:50 Wagenburg Tactics
35:56 Iron Casting
35:38 Chain Mail Armor
37:04 Plate Mail Armor
38:13 Blast Furnace
37:28 Arson
38:29 Conscription
42:40 Bodkin Arrow
42:47 Padded Archer Armor
44:14 Leather Archer Armor
46:05 Ring Archer Armor
impossible
0:50 Loom
13:37 Feudal Age
19:38 Castle Age
17:40 Double-Bit Axe
18:40 Stone Mining
19:17 Horse Collar
26:41 Gold Mining
27:52 Bow Saw
28:11 Fletching
34:38 Imperial Age
31:47 Pikeman
32:27 Squires
32:33 Scale Mail Armor
33:03 Heavy Plow
34:00 Forging
34:06 Chain Mail Armor
33:17 Elite Skirmisher
34:34 Bodkin Arrow
35:49 Crop Rotation
36:08 Iron Casting
35:34 Padded Archer Armor
35:17 Treadmill Crane
35:16 Halberdier
35:59 Imperial Skirmisher
36:45 Thumb Ring
38:16 Paper Money
40:05 Chemistry
40:07 Bracer
40:23 Leather Archer Armor
40:39 Plate Mail Armor
40:35 Ballistics
43:41 Two-Man Saw
44:40 Hoardings
43:27 Elite Rattan Archer
45:14 Wheelbarrow
44:25 Town Watch
45:17 Stone Shaft Mining
45:13 Ring Archer Armor
46:39 Scale Barding Armor
46:33 Murder Holes
46:49 Siege Engineers
Connection lost

Rejoining the realm…

Still unreachable

The connection could not be restored.

Session expired

The server has moved on; the page needs a fresh start.